[Event "FIDE WSTC Open 50 2025"]
[Site "Prague"]
[Date "2025.02.23"]
[Round "6.6"]
[White "Kaidanov, Gregory"]
[Black "Kotsur, Pavel"]
[Result "1-0"]
[Annotator "TA"]
[ECO "C50"]
[WhiteElo "2513"]
[BlackElo "2478"]
[PlyCount "109"]
[EventDate "2025.02.17"]
[EventType "team-tourn"]
[EventCountry "CZE"]
[SourceTitle "playchess.com"]
[Source "ChessBase"]
[SourceQuality "1"]
[TimeControl "40/5400+30:1800+30"]

1. e4 e5 2. Nf3 Nc6 3. Bc4 Bc5 4. d3 Nf6 5. Bg5 h6 6. Bh4 Be7 {[%emt 0:02:17] C50: Hungarian Defence and Giuoco Pianissimo.} 7. Bg3 d6 8. a3 O-O {[%emt 0:07:06] The position is equal.} 9. h3 Nh7 10. O-O Kh8 $146 (10... Ng5 11. Nbd2 Be6 12. Bxe6 Nxe6 13. c3 Bg5 14. Nc4 Bf4 15. Bh4 Bg5 16. Bxg5 Nxg5 {1-0 Eljanov,P (2706)-Wen,Y (2585) CHN-chT China 2018 (15.2)}) 11. Nc3 f5 12. exf5 Bxf5 13. Nd5 Nf6 14. Nxe7 Nxe7 15. Re1 Qc8 16. Nd2 Bg6 17. Bh2 Qd7 18. Bb3 Bh5 19. f3 Bf7 20. Bxf7 Rxf7 21. Nc4 Nf5 22. c3 Re8 23. Qd2 (23. Ne3 $11) 23... b6 (23... Nd5 $15 {is superior.}) 24. Bxe5 dxe5 25. Nxe5 {[%emt 0:00:06] [#]} Rxe5 26. Rxe5 Nh4 27. Rf1 Ng6 {[%emt 0:04:05][%mdl 1024] Black has compensation.} 28. Ree1 Nh5 29. d4 Nhf4 {[%emt 0:01:42] and ...Nh4 should not be overlooked Against Qe2} 30. Re4 Qf5 (30... c5 $15) 31. Rf2 (31. Qf2 $11) 31... h5 $15 32. Re8+ Kh7 33. Qc2 Qg5 34. Kh1 Qg3 35. Rf1 $1 h4 36. Rfe1 {[%emt 0:02:14] [#]} (36. b4 $15) 36... Rf5 $1 37. R1e5 $1 Rxe5 (37... Rf6 {is more complex.} 38. Rd8 Kh6 39. Ree8 Nxh3 40. gxh3 Rxf3 41. Qg2 Nf4) 38. Rxe5 Kh6 39. Re4 Qg5 40. Kh2 Qf6 41. Qd2 Kh7 42. Qe3 Qf5 43. c4 Qg5 44. Qd2 a5 45. b4 a4 46. d5 Qf6 $2 {[%emt 0:00:00][%mdl 8192] [#]} (46... Qg3+ $11 47. Kh1 Nxh3 48. gxh3 Qxf3+ 49. Qg2 Qxa3) 47. c5 $1 $18 bxc5 48. bxc5 Qg5 49. d6 (49. Rxa4 Qg3+ 50. Kh1 Nxh3 51. gxh3 Qxh3+ 52. Kg1 Qxf3 $16) 49... cxd6 50. cxd6 Qg3+ 51. Kh1 Nxh3 $2 (51... Nxg2 {might work better.} 52. Qxg2 Qxd6) 52. d7 $1 {[%emt 0:03:14][%cal Oe4e2] Threatens to win with Re2!.} (52. gxh3 Qxf3+ (52... Qxh3+ 53. Kg1 $16) 53. Qg2 Qd1+ 54. Qg1 Qf3+ 55. Qg2 Qd1+ 56. Qg1 Qf3+ 57. Qg2 $11) 52... Nf2+ {[%emt 0:03:51] [#]} 53. Qxf2 $3 Qxf2 54. d8=Q {[%emt 0:00:09] Dodges h3} (54. d8=B h3 55. Rg4 Nf4 (55... hxg2+ $2 56. Rxg2 Qf1+ 57. Kh2 $19) 56. gxh3 Qxf3+ 57. Kg1 Nxh3+ (57... Qxh3 58. Rh4+ $17) (57... Qe3+ {gets mated.} 58. Kh2 Qxh3+ 59. Kg1 Qxg4+ 60. Kf2 Qe2+ 61. Kg3 Nh5+ 62. Kh3 Qf3+ 63. Kh2 Qf2+ 64. Kh3 Qg3#) 58. Kh2 Qxg4 59. Bc7 g5 60. Bg3 Nf4 61. Bxf4 gxf4 (61... Qxf4+ 62. Kh1 Qd2 63. Kg1 g4 64. Kf1 g3 65. Kg1 Qh2+ 66. Kf1 Qf2#) 62. Kh1 f3 63. Kh2 Qg2#) 54... Qg3 {[%emt 0:03:11] Prevents Qg5} (54... h3 55. Qg5 (55. Rxa4 $2 Qxg2#) 55... hxg2+ 56. Qxg2 Qc5 57. Qh3+ (57. Rxa4 Qc1+ 58. Qg1 Qc6 $18) 57... Kg8 58. Re8+ (58. Rxa4 Qc1+ 59. Kh2 Qc2+ 60. Qg2 Qxa4 $11) 58... Nf8 59. Qe6+ Kh7 60. Qe4+ Kh8) 55. Qd7 {[%emt 0:01:04] Weighted Error Value: White=0.08 (flawless) /Black=0.31  Loses game:     	---       	Black=1      Mistake:       	White=3     	Black=4      Inaccurate:     	White=3     	Black=4      OK:         	White=13    	Black=18     Best:        	White=3     	Black=2      Strong:       	White=4     	---        Brilliant:      	White=1     	Black=1} ({Not} 55. Rxa4 Qe1+ 56. Kh2 Qg3+ 57. Kh1 Qe1+ 58. Kh2 Qg3+ 59. Kh1 $11) 1-0

[Event "FIDE WSTC Open 50 2025"]
[Site "Prague"]
[Date "2025.02.23"]
[Round "6.7"]
[White "Temirbayev, Serikbay"]
[Black "Shabalov, Alexander"]
[Result "0-1"]
[Annotator "TA"]
[ECO "E41"]
[WhiteElo "2372"]
[BlackElo "2471"]
[PlyCount "76"]
[EventDate "2025.02.17"]
[EventType "team-tourn"]
[EventCountry "CZE"]
[SourceTitle "playchess.com"]
[Source "ChessBase"]
[SourceQuality "1"]
[TimeControl "40/5400+30:1800+30"]

1. d4 Nf6 2. c4 e6 3. Nc3 Bb4 4. e3 c5 5. Nf3 b6 6. Bd3 Bb7 7. O-O O-O 8. a3 Bxc3 9. bxc3 d6 {[%emt 0:00:05] 9...Be4 is not played anymore.} 10. a4 {[%emt 0:05:18] E43: Nimzo-Indian: Rubinstein: 4...b6.} Nc6 11. Nd2 Re8 $146 (11... Qe7 12. f4 Rfe8 13. Ba3 Ba6 14. Kh1 Rac8 15. e4 Nd7 16. e5 dxe5 17. fxe5 Qh4 {0-1 Fataliyeva,U (2301)-Svane,F (2421) EU-ch qual Online 2020 (9)}) 12. Nb3 {[%emt 0:04:00] The position is equal.} a5 13. Ba3 Ne7 14. f3 Ng6 15. Re1 h5 16. Bf1 h4 17. e4 Nh5 18. Bc1 {[%emt 0:00:12] Prevents Qg5} f5 (18... e5 $11) 19. Be3 (19. dxc5 $14 h3 (19... dxc5 20. Qxd8 Raxd8 21. Bg5 $14) 20. cxd6 (20. Qxd6 hxg2 21. Bxg2 Qh4 $11)) 19... Qf6 20. Nd2 Rab8 21. Rb1 Bc6 22. Bf2 Ngf4 23. e5 $2 (23. d5 $11 {and White has nothing to worry.} Bd7 24. dxe6 Bxe6 25. exf5 Bxf5 26. Ne4 Bxe4 27. Rxe4) 23... Qg5 $19 24. Kh1 {[%emt 0:00:16] [#]} Ng3+ $1 25. Bxg3 hxg3 26. h3 Kf7 27. Rb2 $2 (27. exd6 {was forced.} Rh8 28. Re2) 27... Rh8 {[%emt 0:03:15][%cal Oh8h3] ( -> ...Rxh3+!)} 28. Nb1 (28. Re2 $142 Nxe2 29. Qxe2) 28... Rh4 $2 (28... Rxh3+ $19 29. gxh3 Qh5) 29. d5 $1 $15 exd5 {[%emt 0:02:38] Black has space advantage and is better Black has more active pieces.} 30. cxd5 (30. exd6 $15 Kg6 31. Na3) 30... Bxd5 $17 (30... Nxd5 31. Bb5 Nf4 (31... Ne3 32. Rxe3 Qxe3 33. Bxc6 $16) 32. Bxc6 $11) 31. exd6 {[%emt 0:00:17] [#]} Qh5 ({Black should play} 31... Rd8 $1 $17 {and ...Rh6 would now be decisive} 32. Rd2 Rxd6) 32. Kg1 $15 Kg6 33. d7 (33. c4 $1 $11 Bxf3 34. Qb3 (34. gxf3 $2 Nxh3+ 35. Bxh3 Rxh3 $19)) 33... Kh7 $36 {[%emt 0:01:44][%cal Od5f3][%mdl 2048] Black is on the roll. The board is on fire.} 34. Re5 {[%emt 0:02:51] [#]} ({Don't go for} 34. c4 $2 Bxf3 35. Qd2 (35. d8=Q $2 Rxd8 36. Qc2 Bxg2 $19) (35. gxf3 $2 Nxh3+ 36. Bxh3 Rxh3 $19) 35... Nxh3+ (35... Rd8 36. Rb3 $17) 36. gxh3 Rxh3 (36... Rd4 37. Qe3 $16) 37. Bxh3 (37. d8=B $2 Rh1#) 37... Qxh3 $19) 34... Bxf3 35. d8=Q (35. Qc2 $17 Bd1 36. Qxf5+ Qxf5 37. Rxf5 Bxa4 38. Rxb6) 35... Rxd8 {[%emt 0:01:13] Black mates.} 36. Qxd8 {[%emt 0:00:04] [#]} Nxh3+ $1 37. gxh3 Rxh3 38. Bxh3 Qxh3 {[%emt 0:00:10] Weighted Error Value: White=0.57/Black=0.29 (precise)   Loses game:     	White=2     	---        Missed win:     	---       	Black=1      Mistake:       	White=5     	Black=2      Inaccurate:     	White=1     	Black=2      OK:         	White=5     	Black=5      Best:        	White=2     	Black=2      Strong:       	White=1     	---        Brilliant:      	---       	Black=1} 0-1

[Event "FIDE WSTC Open 50 2025"]
[Site "Prague"]
[Date "2025.02.23"]
[Round "6.8"]
[White "Novikov, Igor"]
[Black "Tikzhanov, Yerlan"]
[Result "1-0"]
[Annotator "TA"]
[ECO "E16"]
[WhiteElo "2490"]
[BlackElo "2323"]
[PlyCount "85"]
[EventDate "2025.02.17"]
[EventType "team-tourn"]
[EventCountry "CZE"]
[SourceTitle "playchess.com"]
[Source "ChessBase"]
[SourceQuality "1"]
[TimeControl "40/5400+30:1800+30"]

1. d4 Nf6 2. c4 e6 3. Nf3 Bb4+ 4. Bd2 Qe7 5. g3 Bxd2+ 6. Qxd2 Nc6 {[%emt 0:00:26] E11: Bogo-Indian.} 7. Nc3 d5 8. cxd5 exd5 {[%emt 0:00:12] The position is equal.} 9. Bg2 Bg4 10. O-O O-O 11. Rac1 Rad8 12. e3 Bxf3 $146 ({Predecessor:} 12... Ne4 13. Nxe4 dxe4 14. Ne1 Nb4 15. a3 Nd5 16. Nc2 c5 17. Qe1 c4 18. Nb4 Nxb4 19. Qxb4 Qxb4 20. axb4 {1-0 Chandra,A (2440)-Friedel,J (2505) Saint Louis GM 2014 (5)}) 13. Bxf3 a6 14. Qc2 Na7 {[%emt 0:01:31] [#]} 15. b4 $1 c6 16. Qb3 Nc8 17. a4 b5 (17... Nd6 $11 {keeps the balance.}) 18. Ne2 $16 Rd6 {[%emt 0:01:27] [#]} 19. a5 $1 {[%emt 0:03:15] Prevents Nb6} g5 20. Rc2 h5 21. Nc1 Nd7 (21... h4 $14) 22. Bxh5 {[%emt 0:05:36] White is more active.} Rh6 23. Bf3 (23. Bd1 $142) 23... Kg7 24. Bg2 g4 (24... Rfh8 $16) 25. Nd3 $18 Rfh8 26. Rfc1 $2 (26. Nf4 $16) 26... Na7 $2 (26... Rxh2 $11 {and Black has nothing to worry.} 27. Nf4 (27. Rxc6 Rxg2+ 28. Kxg2 Qe4+ 29. Kf1 Ne7 $16) 27... Nd6) 27. h4 gxh3 28. Bf3 Rf6 (28... Qf6 {was worth a try.} 29. Nf4 h2+ 30. Kh1 Qd6) 29. Nf4 h2+ 30. Kh1 Rfh6 31. Nd3 Qf6 32. Bg2 Qf5 33. Nc5 ({White should try} 33. e4 $18 dxe4 34. Nf4) 33... Nxc5 34. dxc5 Re8 35. Qc3+ (35. Re1 $142) 35... Kg8 (35... Qe5 $142) 36. Rd1 Nc8 37. Rd4 (37. e4 $18 dxe4 38. Re2) 37... Ne7 38. e4 Qe6 (38... Qf6 $16) 39. Rc1 f5 (39... Qf6 $142 40. Qd2 (40. exd5 Nxd5 41. Bxd5 cxd5 $16) 40... Rh5) 40. exd5 Nxd5 41. Qd2 {[%emt 0:30:34][%cal Rd4d5] Rxd5 would now be deadly.} Rh7 $2 (41... Kf8 42. Bxd5 cxd5) 42. Rxd5 Rh6 43. Rd4 {Weighted Error Value: White=0.19 (very precise) /Black=0.59  Loses game:     	---       	Black=1      Mistake:       	White=5     	Black=8      Inaccurate:     	White=2     	Black=3      OK:         	White=17    	Black=7      Best:        	White=3     	Black=2      Strong:       	White=1     	---} 1-0

[Event "FIDE WSTC Open 50 2025"]
[Site "Prague"]
[Date "2025.02.23"]
[Round "6.9"]
[White "Hjartarson, Johann"]
[Black "Adams, Michael"]
[Result "0-1"]
[Annotator "TA"]
[ECO "C89"]
[WhiteElo "2464"]
[BlackElo "2664"]
[PlyCount "72"]
[EventDate "2025.02.17"]
[EventType "team-tourn"]
[EventCountry "CZE"]
[SourceTitle "playchess.com"]
[Source "ChessBase"]
[SourceQuality "1"]
[TimeControl "40/5400+30:1800+30"]

1. e4 e5 2. Nf3 Nc6 3. Bb5 a6 4. Ba4 Nf6 5. O-O Be7 6. Re1 b5 7. Bb3 O-O 8. c3 d5 9. exd5 Nxd5 10. Nxe5 Nxe5 11. Rxe5 Bb7 12. d4 Bf6 {[%emt 0:00:28] C89: Closed Ruy Lopez: Marshall Attack.} 13. Re1 Re8 14. a4 ({Better is} 14. Rxe8+ $14 Qxe8 15. Bd2) 14... b4 $11 {[%emt 0:22:23] The position is equal.} 15. a5 $146 ({Predecessor:} 15. Bd2 a5 16. Qf3 Rxe1+ 17. Bxe1 Rb8 18. Qg3 Qd7 19. Bc2 g6 20. h3 Re8 21. Bd2 {½-½ Kreuzholz,M (2345)-Rabiega,R (2545) BL2-Nord 0708 2007 (9.1)}) 15... Qd6 16. g3 (16. Bd2 $11 {keeps the balance.}) 16... bxc3 $1 $17 17. bxc3 c5 18. Ra2 cxd4 19. cxd4 Rxe1+ 20. Qxe1 Qc6 (20... Bxd4 $17 21. Qe4 Bf6) 21. Rc2 $15 Qb5 {[%emt 0:01:43][%cal Of6d4][%mdl 1024] Black has compensation.} 22. Re2 h5 $40 {[%emt 0:03:55][%cal Of6d4][%mdl 128] Black mounts an attack. Black is more active.} (22... Qxb3 23. Re8+ Rxe8 24. Qxe8#) 23. Nd2 $2 {[%emt 0:09:17][%mdl 8192] Loses the game.} (23. Qd1 $1 $15) 23... Nc3 $19 (23... Qxa5 24. Re8+ Kh7 25. Rxa8 Bxa8 26. Qe8 $16) (23... Bxd4 24. Nf3 Bf6 (24... Bxf2+ 25. Kxf2 Qxb3 26. Re8+ Rxe8 27. Qxe8+ Kh7 28. Ng5+ Kh6 29. Nxf7+ Kh7 30. Ng5+ Kh6 31. Qe6+ g6 32. Ne4+ Kg7 33. Qe5+ Kf7 34. Nd6+ Kg8 35. Qe8+ Kh7 36. Qf7+ Kh8 37. Qf8+ Kh7 38. Qh6+ Kg8 39. Qxg6+ Kh8 40. Nf7#) 25. Nd2 $19) 24. Re3 Qc6 (24... Bxd4 25. Re7 Rf8 26. Bc2 $19) 25. Nf3 {[%emt 0:02:49] [#]} Bxd4 26. Bb2 {[%emt 0:00:50] and Bxf7+ would now be decisive} (26. Bxf7+ Kxf7 27. Re7+ Kg8 28. Rxb7 Qxf3) 26... Bxe3 27. Bxf7+ Kf8 28. Bxh5 {[%emt 0:01:34] [#]} (28. Ba3+ Bc5 (28... Kxf7 $2 29. Ne5+ Kg8 30. Nxc6 $18) 29. Bxc5+ Qxc5 30. Ne5 Qxa5 31. Bb3) 28... Bd4 $1 {[%emt 0:00:27][%cal Of8g8][%mdl 512] aiming for ...Kg8!.} 29. Ba3+ Kg8 30. Qe7 Bf6 31. Qf7+ Kh8 32. Bg4 Qd5 33. Qg6 Ne2+ (33... Qxa5 $2 34. Bf5 $18) 34. Kf1 Nd4 {[%emt 0:01:20] Prevents Bf5.} (34... Qxa5 $2 {is the wrong capture.} 35. Bf5 Nxg3+ (35... Bxf3 36. Qh7#) 36. hxg3 Qb5+ (36... Qxa3 37. Qh7#) 37. Kg1 $18 (37. Bd3 Qxd3+ 38. Qxd3 Rd8 $18)) 35. Nxd4 Bxd4 36. f3 Bf6 {[%emt 0:01:07] Weighted Error Value: White=0.83/Black=0.07 (flawless)   Loses game:     	White=1     	---        Mistake:       	White=4     	Black=1      Inaccurate:     	---       	Black=2      OK:         	White=5     	Black=5      Best:        	White=1     	Black=4      Strong:       	---       	Black=1      Brilliant:      	---       	Black=2} (36... Qxa5 37. Bf5 Qb5+ (37... Qxa3 38. Qh7#) 38. Bd3 $18) (36... Qc4+ $142 37. Ke1 Rd8 38. Bd6 Qc1+ (38... Bc3+ $2 39. Kf2 $19) 39. Ke2 Qe3+ 40. Kd1 Bc6 (40... Bxf3+ $2 41. Bxf3 Qxf3+ 42. Kd2 $19) 41. Qh5+ Kg8 42. Bf5 Qg1+ (42... Rxd6 {leads to mate.} 43. Qh7+ Kf8 44. Qh8+ Ke7 45. Qh4+ Bf6+ 46. Bd3 Bxf3+ 47. Kc2 Qxd3+ 48. Kc1 Qd1#) (42... Bxf3+ 43. Qxf3 Qxf3+ 44. Kd2 Rxd6 45. Bh7+ Kxh7 46. Kc2 Rc6+ 47. Kd2 Qe3+ 48. Kd1 Rc1#) 43. Kd2 Qf2+ (43... Rxd6 44. Qh7+ Kf8 45. Qh8+ Ke7 46. Qh4+ Bf6+ 47. Bd3 Qf2+ 48. Kc1 Qe1+ 49. Kc2 Qc3+ 50. Kd1 Bxf3#) (43... Be3+ 44. Kd3 Rxd6+ 45. Kc4 Qc1+ 46. Kb3 Bd5+ 47. Ka4 Qc4+ 48. Ka3 Bc1#) 44. Kc1 Qb2+ (44... Rxd6 45. Bh7+ Kf8 46. Qf5+ Ke7 47. Qg5+ Bf6 48. Qxf6+ gxf6 49. Bc2 Rd2 50. h3 Rxc2+ 51. Kb1 Ra2 52. h4 Qc2#) 45. Kd1 Ba4+ (45... Rxd6 46. Qh7+ Kf7 47. Qh5+ Ke7 48. Qg5+ Bf6+ 49. Bd3 Rxd3+ 50. Ke1 Bxg5 51. g4 Bh4+ 52. Kf1 Qf2#) 46. Bc2 Qxc2+ 47. Ke1 Qf2#) 0-1

[Event "FIDE WSTC Open 50 2025"]
[Site "Prague"]
[Date "2025.02.23"]
[Round "6.10"]
[White "Conquest, Stuart C"]
[Black "Petursson, Margeir"]
[Result "1-0"]
[Annotator "TA"]
[ECO "B90"]
[WhiteElo "2513"]
[BlackElo "2403"]
[PlyCount "85"]
[EventDate "2025.02.17"]
[EventType "team-tourn"]
[EventCountry "CZE"]
[SourceTitle "playchess.com"]
[Source "ChessBase"]
[SourceQuality "1"]
[TimeControl "40/5400+30:1800+30"]

1. e4 c5 2. Nf3 d6 3. d4 cxd4 4. Nxd4 Nf6 5. Nc3 a6 6. f3 e5 7. Nb3 Be6 8. Be3 h5 (8... Nbd7 $5) 9. Be2 {[%emt 0:09:25] B90: Sicilian Najdorf: Unusual White 6th moves, 6 Be3 Ng4 and 6 Be3 e5.} Be7 10. O-O Nbd7 11. Qe1 {[%emt 0:16:24] The position is equal.} b5 12. Rd1 Qc7 13. a3 $146 (13. Qd2 O-O 14. Nd5 Bxd5 15. exd5 Nb6 16. Bxb6 Qxb6+ 17. Kh1 a5 18. f4 Rfd8 19. Qd3 {1-0 Alvarez Alonso,A (1865)-Reyes Lopez,A (1513) Santa Cruz de Tenerife Trophy 2017 (8)}) 13... Nb6 14. Qf2 Rb8 15. Na2 Nc4 {[%emt 0:05:55] Hoping for ...Nxe3.} 16. Nb4 Nxe3 17. Qxe3 Bc8 (17... Ra8 $11) 18. Rd3 $1 $14 Qb6 19. Qxb6 Rxb6 20. Rc3 Bd7 21. Na5 Bd8 22. Rd1 O-O ({Black should try} 22... h4 $14) 23. Nac6 {[%emt 0:02:35] White is much more active. The black rooks are passive.} Bxc6 24. Nxc6 Rb7 25. Nxd8 Rxd8 26. Rc6 $1 {[%emt 0:00:12][%csl LRa6,LRd6] Inhibits Rb6.} d5 (26... Ra7 $16 27. Rdxd6 (27. Rcxd6 Rxd6 28. Rxd6 Kf8 $18) 27... Rxd6 28. Rxd6 h4) 27. Rxa6 $18 b4 28. exd5 bxa3 29. bxa3 ({But not} 29. Rxa3 $6 Rxb2 30. Bd3 g6 $16) 29... Rxd5 30. Rxd5 Nxd5 {[%emt 0:00:06][%mdl 4096] Endgame KRB-KRN. White is a pawn up.} 31. Ra8+ Kh7 32. Bd3+ g6 33. Be4 (33. g3 $142) 33... Rb1+ $16 34. Kf2 Nc3 {[%emt 0:00:13] [#]} 35. Bd3 $1 Ra1 {[%emt 0:03:54] [#]} (35... Kg7 $16 36. Ra5 Ra1) 36. Ra7 $1 $18 Kh6 (36... Kg7 {was called for.} 37. Bc4 Rd1) 37. Rxf7 Nd5 38. Ra7 Nf4 39. Be4 Rd1 $2 (39... Rh1) 40. g3 Nh3+ 41. Ke2 Rh1 42. Ra6 Rxh2+ 43. Ke3 {[%emt 0:00:00] Weighted Error Value: White=0.09 (flawless) /Black=0.28 (precise)   Mistake:       	White=1     	Black=6      Inaccurate:     	White=2     	Black=1      OK:         	White=10    	Black=16     Best:        	White=5     	Black=1      Strong:       	White=3     	---} 1-0

[Event "FIDE WSTC Open 50 2025"]
[Site "Prague"]
[Date "2025.02.23"]
[Round "6.11"]
[White "Olafsson, Helgi"]
[Black "Wells, Peter K"]
[Result "1/2-1/2"]
[Annotator "TA"]
[ECO "A06"]
[WhiteElo "2466"]
[BlackElo "2358"]
[PlyCount "124"]
[EventDate "2025.02.17"]
[EventType "team-tourn"]
[EventCountry "CZE"]
[SourceTitle "playchess.com"]
[Source "ChessBase"]
[SourceQuality "1"]
[TimeControl "40/5400+30:1800+30"]

1. Nf3 d5 2. g3 c6 3. Bg2 Bg4 4. O-O e6 5. d3 Bd6 6. e4 {A07: Réti Opening: New York and Capablanca Systems.} Ne7 7. h3 Bh5 8. g4 Bg6 9. Nh4 $146 ({Predecessor:} 9. e5 Bc7 10. Re1 Nd7 11. Nbd2 c5 12. Nf1 Nc6 13. Ng3 Ndxe5 14. Nxe5 Nxe5 15. f4 {0-1 Derjabin,I (2209)-Berezin,O (2428) UKR-ch sf op 2001}) 9... dxe4 10. dxe4 f6 11. Nd2 Bc7 12. Nc4 O-O 13. Qe2 Nd7 14. Rd1 b5 15. Nd6 Bxd6 16. Rxd6 Qc7 $1 17. Bf4 e5 18. Rad1 Rad8 19. Be3 $36 {[%emt 0:00:46][%mdl 2048] White is really pushing. White is much more active.} Nb6 20. Qd3 Rxd6 21. Qxd6 Qxd6 22. Rxd6 Nc4 23. Rd7 Nxe3 24. fxe3 (24. Rxe7 $6 Nxc2 25. Nf5 Bxf5 26. exf5 Rf7 27. Re8+ Rf8 28. Rxf8+ Kxf8 29. Bxc6 Nd4 $11) 24... Nc8 25. Rc7 Bf7 (25... Nb6 $142) 26. Nf5 $16 Nb6 27. b3 (27. Rxc6 Bxa2 28. Ne7+ Kf7) 27... g6 (27... Ra8 $16 28. Bf3 (28. Rxc6 Be8 $18) 28... Kf8) 28. Ne7+ $18 Kg7 29. Nxc6 (29. Bf1 $18) 29... Rc8 $16 30. Rxc8 Nxc8 {[%emt 0:01:18][%mdl 4096] Endgame KBN-KBN. White is a pawn up.} 31. Bf1 Be8 32. Bxb5 Nd6 33. Ba4 a6 34. Nb4 Bxa4 35. bxa4 {[%emt 0:00:30] KN-KN. White is two pawns up.} a5 36. Nc6 Nxe4 37. Nxa5 Nc3 38. Kf2 Nxa4 39. a3 f5 40. c4 (40. Nb3 $14) 40... Kf6 41. Nb3 Ke6 42. gxf5+ gxf5 43. Kg3 Nc3 44. Nd2 e4 45. Nb3 Ke5 46. c5 Nd1 $2 (46... Nd5 $16) 47. c6 $18 Kd6 (47... Nxe3 $2 48. c7 $18) 48. Kf4 Kxc6 49. Nd4+ (49. Kxf5 Nxe3+ 50. Kxe4 Nc4 $16) 49... Kd5 50. Nxf5 Nc3 51. Nd4 Kc4 {[%emt 0:01:04] [#]} 52. h4 $2 (52. Ne6 $1 $18) 52... Kd3 $11 53. Ne6 {[%emt 0:00:00] aiming for Nc5+.} Ne2+ 54. Ke5 Kxe3 (54... Nc3 $1 $11) 55. a4 ({White should try} 55. Ng5 $16) 55... Nc3 (55... Kf2 $11) 56. a5 $18 Kf2 57. Kd4 e3 {[%emt 0:00:15] [#]} 58. Nf4 $2 (58. Kxc3 $2 e2 59. Kc4 e1=Q $19 (59... e1=B $2 {loses.} 60. a6 $18)) (58. Kc5 $1 $18) 58... Ne2+ {[%emt 0:00:56] The position is equal.} 59. Nxe2 Kxe2 60. a6 Kf2 $1 61. a7 e2 62. a8=Q {[%emt 0:00:00] White wants to mate with Qa2.} e1=Q {[%emt 0:00:07] Weighted Error Value: White=0.25 (precise) /Black=0.27 (precise)   Loses game:     	---       	Black=2      Missed win:     	White=2     	---        Mistake:       	White=3     	Black=3      Inaccurate:     	White=1     	Black=7      OK:         	White=34    	Black=17     Best:        	White=4     	Black=7      Strong:       	---       	Black=2} (62... e1=B 63. Qe4 Bd2 64. Qf5+ (64. Qxh7 Kf3 65. Qd3+ Kf4 66. Qxd2+ Kf5 67. Qh6 Kg4 68. Ke4 Kg3 69. Ke3 Kg4 70. Qg5+ Kh3 71. Kf2 Kh2 72. Qg2#) 64... Kg2 65. Ke4 (65. Qxh7 Kf2 66. Qc2 Ke1 67. Kd3 Kf2 68. Qxd2+ Kf3 69. Qg5 Kf2 70. Qg4 Kf1 71. Ke3 Ke1 72. Qg1#) 65... Kg3 66. Qxh7 Be1 67. Qh5) 1/2-1/2

[Event "FIDE WSTC Open 50 2025"]
[Site "Prague"]
[Date "2025.02.23"]
[Round "6.12"]
[White "Hebden, Mark L"]
[Black "Arnason, Jon L"]
[Result "1-0"]
[Annotator "TA"]
[ECO "D02"]
[WhiteElo "2363"]
[BlackElo "2405"]
[PlyCount "105"]
[EventDate "2025.02.17"]
[EventType "team-tourn"]
[EventCountry "CZE"]
[SourceTitle "playchess.com"]
[Source "ChessBase"]
[SourceQuality "1"]
[TimeControl "40/5400+30:1800+30"]

1. d4 d5 2. Nf3 Nf6 3. Bf4 e6 4. e3 c5 5. Nbd2 Qb6 6. Rb1 {[%emt 0:05:24] D02: 1 d4 d5 2 Nf3 sidelines, including 2...Nf6 3 g3 and 2...Nf6 3 Bf4.} cxd4 7. exd4 Bd7 8. c3 {[%emt 0:02:56] The position is equal.} Bb5 9. Qb3 Bxf1 10. Qxb6 axb6 11. Rxf1 Nbd7 $146 ({Predecessor:} 11... Nc6 12. a3 b5 13. Ne5 Nxe5 14. Bxe5 Nd7 15. Bf4 Nb6 16. Nb3 h5 17. Nc1 Be7 {½-½ Murzin,V (2627)-Abdusattorov,N (2727) Wch Rapid Samarkand 2023 (13)}) 12. a3 Nh5 13. Bg3 Nxg3 14. hxg3 Bd6 15. c4 O-O (15... b5 $5 16. c5 Be7 $11) 16. Ke2 Nf6 17. Rfe1 Rfd8 18. Rbc1 dxc4 19. Nxc4 Nd5 20. Rc2 Be7 21. Rec1 b5 22. Ne3 b4 23. Nxd5 exd5 {[%emt 0:00:08] [#]} 24. a4 $1 Bd6 {[%emt 0:07:48] Inhibits Rc7.} 25. b3 Kf8 26. Kd3 h6 27. Ne5 g5 {[%emt 0:01:16] [#]} (27... g6 $14) 28. Ng4 $1 $18 Kg7 29. Ne3 Kg6 30. g4 ({White should try} 30. Nxd5 $18 Bxg3 31. Ne7+ (31. Nxb4 Be5 $16) 31... Kf6 32. fxg3 Kxe7 33. Re2+ Kf6 34. Rc7) 30... Bf4 $16 31. Rc5 Bxe3 32. fxe3 {[%emt 0:00:43][%mdl 4096] Endgame KRR-KRR} Ra6 (32... Rd7 $16) 33. Rb5 Rd7 34. Rcc5 {[%emt 0:04:12] White is more active.} Rad6 35. Rxb4 {[%emt 0:02:20] Strongly threatening Rcb5.} h5 $2 (35... Re7 $16 36. Rc2 h5) 36. gxh5+ $18 Kxh5 {[%emt 0:00:04] [#]} 37. Rcb5 Kg4 $2 (37... Rc7 {was called for.} 38. Rxb7 Rc1) 38. Rxb7 Kg3 39. a5 Rxb7 40. Rxb7 Kxg2 {KR-KR. White is a pawn up.} 41. b4 Ra6 42. Rxf7 g4 43. e4 dxe4+ 44. Kxe4 g3 45. d5 Kh2 46. Rh7+ Kg1 47. Rg7 g2 48. Kd4 {[%emt 0:00:00] White mates.} Kf2 49. Kc5 Ra7 50. Rxg2+ (50. Rxa7 g1=Q 51. Rc7 Kg3+ 52. Kb5 Qf1+ 53. Rc4 Qf7 $19) 50... Kxg2 51. d6 Kf3 52. Kb6 Ra8 53. d7 {[%emt 0:00:00] Weighted Error Value: White=0.07 (flawless) /Black=0.89  Loses game:     	---       	Black=1      Mistake:       	White=1     	Black=3      Inaccurate:     	White=3     	Black=6      OK:         	White=13    	Black=11     Best:        	White=1     	Black=2} 1-0